 Dungeon Crawl Stone Soup version 0.29-a0-25-g7f48f51 (webtiles) character file.

Game seed: 8095043405402412970

226 Illumine the Sneak (level 6, -2/35 HPs)
             Began as a Kobold Brigand on Jan 31, 2022.
             Slain by an ogre (17 damage)
             ... on level 4 of the Dungeon.
             The game lasted 00:04:54 (3400 turns).

Illumine the Sneak (Kobold Brigand)                 Turns: 3400, Time: 00:04:54

Health: -2/35      AC:  4    Str: 10    XL:     6   Next: 22%
Magic:  6/6        EV: 14    Int: 13    God:
Gold:   130        SH:  0    Dex: 16    Spells: 5/5 levels left

rFire   . . .      SeeInvis .   a - +2 dagger
rCold   . . .      Faith    .   c - orb {*Rage}
rNeg    . . .      Spirit   .   b - +0 robe
rPois   .          Reflect  .   (no helmet)
rElec   .          Harm     .   g - +0 cloak
rCorr   .          Rampage  .   (no gloves)
Will    .....      Rage     20% i - +0 pair of boots
Stlth   +++++.....              (no amulet)
HPRegen 0.11/turn               (no ring)
MPRegen 0.10/turn               (no ring)

@: no status effects
A: small, no large weapons, nightstalker 3
a: no special abilities


You were on level 4 of the Dungeon.
You visited 1 branch of the dungeon, and saw 4 of its levels.

You collected 130 gold pieces.

Inventory:

Hand Weapons
 a - a +2 dagger (weapon)
 m - a +0 long sword
Missiles
 d - a poisoned dart (quivered)
 e - 2 curare-tipped darts
 f - 109 stones
 h - 5 boomerangs
Armour
 b - a +0 robe (worn)
 c - an orb of wrath (worn)
 g - a +0 cloak (worn)
 i - a +0 pair of boots (worn)
Potions
 j - 2 potions of lignification {unknown}
 k - a potion of ambrosia {unknown}
 l - a potion of flight {unknown}
 n - 2 potions of heal wounds {unknown}
 o - a potion of mutation {unknown}


   Skills:
 - Level 2.1 Fighting
 + Level 5.9 Short Blades
 - Level 2.1 Throwing
 - Level 1.2 Dodging
 + Level 7.9 Stealth


You had 5 spell levels left.
You didn't know any spells.
Your spell library contained the following spells:

 Spells                   Type           Power      Damage    Failure   Level
 Sublimation of Blood     Necr           0%         N/A       43%         2
 Wereblood                Tmut           0%         N/A       43%         2
 Summon Hydra             Summ           0%         N/A       100%        7


Dungeon Overview and Level Annotations

Branches:
Dungeon (4/15)
 Temple: D:4-7

Altars:


Innate Abilities, Weirdness & Mutations

You are small and have problems with some larger weapons.
You are completely attuned to the shadows.


Message History

The ogre shouts!
Throw: 7 darts (poison)
Press: ? - help, Q - select action, (/) - cycle Shift-Dir - straight line, f/p - ogre
Aim: an ogre, wielding a +0 giant club (76% to hit)
You throw a poisoned dart. The poisoned dart hits the ogre.
Unknown command.
Throw: 6 darts (poison)
Press: ? - help, Q - select action, (/) - cycle Shift-Dir - straight line, f/p - ogre
Aim: an ogre, wielding a +0 giant club (76% to hit)
You throw a poisoned dart. The poisoned dart hits the ogre.
The ogre is poisoned.
Unknown command.
Throw: 5 darts (poison)
Press: ? - help, Q - select action, (/) - cycle Shift-Dir - straight line, f/p - ogre
Aim: an ogre, wielding a +0 giant club (lightly wounded, poisoned, 76% to hit)
You throw a poisoned dart. The poisoned dart hits the ogre.
The ogre is lightly wounded.
Unknown command.
The ogre looks more healthy.
Throw: 4 darts (poison)
Press: ? - help, Q - select action, (/) - cycle Shift-Dir - straight line, f/p - ogre
Aim: an ogre, wielding a +0 giant club (lightly wounded, 76% to hit)
You throw a poisoned dart. The poisoned dart hits the ogre.
The ogre is poisoned.
The ogre is lightly wounded.
The ogre hits you with a +0 giant club!
Throw: 3 darts (poison)
Press: ? - help, Q - select action, (/) - cycle Shift-Dir - straight line, f/p - ogre
Aim: an ogre, wielding a +0 giant club (moderately wounded, poisoned, 76% to hit)
You throw a poisoned dart. The poisoned dart hits the ogre.
The ogre is moderately wounded.
The ogre hits you with a +0 giant club!
Throw: 2 darts (poison)
Press: ? - help, Q - select action, (/) - cycle Shift-Dir - straight line, f/p - ogre
Aim: an ogre, wielding a +0 giant club (moderately wounded, poisoned, 76% to hit)
You throw a poisoned dart.
The poisoned dart barely misses the ogre.
The ogre looks more healthy.
The ogre hits you with a +0 giant club!
You die...

#####.#.# ###
......#.# ..# #
#######.#
##.##.# #.#
#.....# #.#
#..### # #.#
(###((((# #.#.#
.((...#.#
#.#.##########.#
#.........@O...#
###.############
#.# #########.#
..........#
###########


You could see an ogre.

Vanquished Creatures
  Jessica (D:3)
  Natasha (D:3)
  3 orc wizards (D:2)
  A hound skeleton (D:3)
  2 adders (D:2)
  A white imp (D:3)
  2 dart slugs (D:1)
  6 orcs
  4 bats
  4 endoplasms
  4 giant cockroaches
  6 goblins
  4 hobgoblins
  2 jackals (D:1)
  A quokka (D:2)
  5 ball pythons
  3 frilled lizards
  3 kobolds
  A quokka skeleton (D:4)
  3 rats
57 creatures vanquished.

Notes
Turn   | Place    | Note
-------+----------+-------------------------------------------
     0 | D:1      | Illumine the Kobold Brigand began the quest for the Orb.
     0 | D:1      | Reached XP level 1. HP: 12/12 MP: 1/1
   342 | D:1      | Reached XP level 2. HP: 17/17 MP: 2/2
   750 | D:1      | Found a faded altar of an unknown god.
  1060 | D:1      | Reached skill level 6 in Stealth
  1060 | D:1      | Reached XP level 3. HP: 21/21 MP: 3/3
  1256 | D:2      | Reached XP level 4. HP: 22/26 MP: 4/4
  1685 | D:2      | Reached skill level 5 in Short Blades
  1685 | D:2      | Reached skill level 7 in Stealth
  1685 | D:2      | Reached XP level 5. HP: 28/30 MP: 5/5
  2845 | D:3      | Noticed Jessica
  2849 | D:3      | Killed Jessica
  2924 | D:3      | Noticed Natasha
  2927 | D:3      | Killed Natasha
  2928 | D:3      | Reached XP level 6. HP: 35/35 MP: 6/6
  3385 | D:4      | Noticed an ogre
  3400 | D:4      | Slain by an ogre

Illustrated notes

Levels and vault maps discovered:
D:1:      dpeg_arrival_boxes_within_box, layout_basic,
          nicolae_ecumenical_snake_handling
D:2:      layout_basic, grunt_ministairs_11
D:3:      layout_loops_cross, uniq_natasha, uniq_jessica
D:4:      layout_basic, minmay_temple_entry_statues_pillars,
          nicolae_ossuary_entry_giza, uniq_grinder, uniq_pikel, uniq_duvessa

Skill      XL: |  1  2  3  4 |
---------------+-------------+-----
Short Blades   | 3 4 5 |  5.9
Stealth        | 6 7 |  7.9
Fighting       | |  2.1
Throwing       | |  2.1
Dodging        | |  1.2

Action                   |  1- 3 |  4- 6 || total
-------------------------+-------+-------++-------
Melee: Dagger            |    42 |    73 ||   115
Throw: Dart              |       |     7 ||     7
 Stab: Sleeping          |     9 |    21 ||    30
Armor: Robe              |     8 |     6 ||    14
Dodge: Dodged            |    27 |    29 ||    56

Table legend: (Time is in decaauts)
 A = Elapsed time spent in this place.
 B = Non-inter-level travel time spent in this place.
 C = Inter-level travel time spent in this place.
 D = Time resting spent in this place.
 E = Time spent auto-exploring this place.
 F = Levels seen in this place.
 G = Mean time per level.
                   A        B        C        D        E       F      G
               +--------+--------+--------+--------+--------+-----+--------+
         Total |   3534 |   3435 |     99 |    607 |   2293 |   4 |  883.5 |
       Dungeon |   3534 |   3435 |     99 |    607 |   2293 |   4 |  883.5 |
               +--------+--------+--------+--------+--------+-----+--------+

Top non-repeatable levels by time:
     D:2: 1319 daAuts
     D:1: 1213 daAuts
     D:3: 932 daAuts
     D:4: 69 daAuts
